 Dungeon Crawl Stone Soup version 0.29.1-13-g9f3cf754e1 (webtiles) character file.

Game seed: 3781355785419247827

499 Peloso the Shield-Bearer (level 6, -2/53 HPs)
             Began as a Minotaur Fighter on Jan 22, 2023.
             Slain by Crazy Yiuf
             ... wielding a +2 quarterstaff of chaos
              (19 damage)
             ... on level 4 of the Dungeon.
             The game lasted 00:06:32 (3588 turns).

Peloso the Shield-Bearer (Minotaur Fighter)         Turns: 3588, Time: 00:06:32

Health: -2/53      AC: 12    Str: 20    XL:     6   Next: 94%
Magic:  3/5        EV:  6    Int:  5    God:
Gold:   248        SH: 13    Dex: 12    Spells: 5/5 levels left

rFire   x . .      SeeInvis .   a - +0 long sword (vorpal)
rCold   + + .      Faith    .   d - +0 tower shield
rNeg    . . .      Spirit   .   i - +0 ice dragon scales
rPois   .          Reflect  .   (helmet restricted)
rElec   .          Harm     .   (no cloak)
rCorr   .          Rampage  .   (no gloves)
Will    .....                   g - +0 pair of boots
Stlth   ..........              (no amulet)
HPRegen 0.17/turn               (no ring)
MPRegen 0.09/turn               (no ring)

@: lethally poisoned (-2 -> -3)
A: horns 2, retaliatory headbutt
a: no special abilities


You were on level 4 of the Dungeon.
You visited 1 branch of the dungeon, and saw 4 of its levels.

You collected 248 gold pieces.

Inventory:

Hand Weapons
 a - a +0 vorpal long sword (weapon)
Armour
 b - a +0 scale mail
 c - a +0 plate armour
 d - a +0 tower shield (worn)
 g - a +0 pair of boots (worn)
 i - +0 ice dragon scales (worn)
Jewellery
 u - a ring of protection from fire
Wands
 r - a wand of charming (26)
 B - a wand of flame (10)
Scrolls
 k - a scroll of enchant armour
 l - 2 scrolls of teleportation
 o - a scroll of poison
 s - a scroll of blinking {unknown}
 t - 3 scrolls of vulnerability {unknown}
 v - a scroll of noise {unknown}
 x - a scroll of butterflies {unknown}
 y - a scroll of identify
 A - a scroll of fear
Potions
 e - a potion of mutation
 f - 2 potions of cancellation {unknown}
 h - a potion of haste {unknown}
 j - a potion of magic {unknown}
 m - 3 potions of might
 n - a potion of attraction {unknown}
 p - a potion of heal wounds {unknown}
 q - 2 potions of brilliance {unknown}
 w - a potion of ambrosia {unknown}
 z - a potion of flight {unknown}
 C - 2 potions of lignification {unknown}


   Skills:
 + Level 4.5 Fighting
 + Level 5.3 Long Blades
 + Level 5.3 Armour
 + Level 1.8 Dodging
 + Level 6.1 Shields


You had 5 spell levels left.
You didn't know any spells.
Your spell library contained the following spells:

 Spells                   Type           Power      Damage    Failure   Level
 Beastly Appendage        Tmut           0%         N/A       100%        1
 Wereblood                Tmut           0%         N/A       100%        2
 Ozocubu's Armour         Ice            0%         N/A       100%        3
 Spider Form              Tmut/Pois      0%         N/A       100%        3
 Hailstorm                Conj/Ice       0%         3d3       100%        4
 Passage of Golubria      Tloc           0%         N/A       100%        4
 Summon Forest            Summ/Tloc      0%         N/A       100%        5


Dungeon Overview and Level Annotations

Branches:
Dungeon (4/15)
 Temple: D:4-7

Altars:
Qazlal

Annotations:
D:4 Crazy Yiuf


Innate Abilities, Weirdness & Mutations

You have a pair of horns on your head.
You reflexively headbutt those who attack you in melee.


Message History

You are no longer poisoned.
Your Shields skill increases to level 6!
Unknown command.
Found 5 curare-tipped darts.
You see here 5 curare-tipped darts.
You now have 248 gold pieces (gained 9).
You see here 5 curare-tipped darts.
Crazy Yiuf shouts!
Could not explore, unopened runed door.
You open the door. You slash Crazy Yiuf!
Crazy Yiuf is heavily wounded.
Crazy Yiuf hits you with a +2 quarterstaff of chaos.
You feel your power leaking away.
You hit Crazy Yiuf but do no damage.
Crazy Yiuf is heavily wounded.
Crazy Yiuf hits you with a +2 quarterstaff of chaos!
You are poisoned.
Crazy Yiuf drinks a potion.
Crazy Yiuf is healed!
You barely miss Crazy Yiuf.
You feel very sick. Crazy Yiuf hits you but does no damage.
You easily resist.
You closely miss Crazy Yiuf.
You feel very sick. You block Crazy Yiuf's attack.
You hit Crazy Yiuf but do no damage.
You feel sick. You block Crazy Yiuf's attack.
Crazy Yiuf hits you with a +2 quarterstaff of chaos.
Crazy Yiuf burns you.
You hit Crazy Yiuf. Your headbutt misses Crazy Yiuf.
Crazy Yiuf is heavily wounded.
You feel sick. You block Crazy Yiuf's attack.
You hit Crazy Yiuf.
Crazy Yiuf is heavily wounded.
You feel sick. You block Crazy Yiuf's attack.
Crazy Yiuf hits you but does no damage.
You completely miss Crazy Yiuf.
Crazy Yiuf is heavily wounded.
You feel sick. Crazy Yiuf hits you but does no damage.
You are electrocuted!!
You die...

.####.#.######....####.#....#....
.#....#.##.# #....# #.#..##.....
(#.####.##.# ♣..♣.♣ ##..##..#...
#..# #.##.# ♣...♣♣ #......##...
..## #....# ♣♣.♣♣ ##...####...
### #..### ♣.♣♣ ##.#.# #... #
#..# ♣♣.♣ #....# #... #..# ♣.♣♣
#...## #### #..# ♣♣@♣ #....# #..#
#g# #....# #### ... #....# #...#
#...## #..)# #....# ##### #....#
#..).# ##...## #...##


You could see Crazy Yiuf.

Vanquished Creatures
  Blork the orc (D:4)
  2 necrophages
  A scorpion (D:4)
  2 iguanas (D:4)
  An orc wizard (D:3)
  Robin (D:4)
  4 gnolls (D:2)
  5 adders
  An ufetubus (D:4)
  A dart slug (D:3)
  4 orcs (D:3)
  6 ball pythons
  2 endoplasms
  3 giant cockroaches
  11 goblins
  10 hobgoblins
  6 kobolds
  3 quokkas
  7 bats
  2 frilled lizards (D:2)
  4 rats
77 creatures vanquished.

Vanquished Creatures (others)
  8 fungi (D:2)
  8 plants (D:2)
16 creatures vanquished.

Grand Total: 93 creatures vanquished

Notes
Turn   | Place    | Note
-------+----------+-------------------------------------------
     0 | D:1      | Peloso the Minotaur Fighter began the quest for the Orb.
     0 | D:1      | Reached XP level 1. HP: 19/19 MP: 0/0
   186 | D:1      | Reached XP level 2. HP: 25/27 MP: 1/1
   253 | D:1      | Reached skill level 4 in Shields
   805 | D:2      | Reached XP level 3. HP: 31/33 MP: 2/2
  1111 | D:2      | Found a faded altar of an unknown god.
  1192 | D:2      | Reached XP level 4. HP: 40/40 MP: 3/3
  1424 | D:3      | Found a stormy altar of Qazlal.
  1596 | D:3      | Got the Reference Book on Graupel and Direction
  1638 | D:3      | Reached skill level 1 in Dodging
  2176 | D:4      | Noticed a necrophage
  2190 | D:3      | Killed a necrophage
  2191 | D:3      | Reached XP level 5. HP: 46/46 MP: 4/4
  2296 | D:4      | Reached skill level 5 in Shields
  2312 | D:3      | Reached skill level 5 in Armour
  2616 | D:4      | Reached XP level 6. HP: 40/53 MP: 5/5
  2720 | D:4      | Noticed Blork the orc
  2730 | D:4      | Killed Blork the orc
  2734 | D:4      | Reached skill level 5 in Long Blades
  2770 | D:4      | Noticed Robin
  3154 | D:4      | Killed Robin
  3232 | D:4      | Found a runed translucent door.
  3233 | D:4      | Noticed Crazy Yiuf
  3384 | D:4      | Reached skill level 6 in Shields
  3588 | D:4      | Slain by Crazy Yiuf

Illustrated notes

Levels and vault maps discovered:
D:1:      minmay_arrival_floating_metal, layout_rooms
D:2:      layout_rooms, dreamdust_ecumenical_altar_grove
D:3:      layout_basic, lemuel_crystal_altar
D:4:      layout_rooms, uniq_crazy_yiuf_cottage, uniq_blork_the_orc, uniq_robin

Skill      XL: |  1  2  3  4  5  6 |
---------------+-------------------+-----
Shields        | 4 5 6 |  6.1
Fighting       | 4 |  4.5
Long Blades    | 3 4 5 |  5.3
Armour         | 4 5 |  5.3
Dodging        | 1 |  1.8

Action                   |  1- 3 |  4- 6 || total
-------------------------+-------+-------++-------
Melee: Long sword        |    71 |   154 ||   225
       Headbutt          |     6 |    16 ||    22
  Use: Scroll            |     2 |     5 ||     7
Armor: Scale mail        |    16 |       ||    16
       Ice dragon scales |    37 |   114 ||   151
Dodge: Dodged            |    52 |    44 ||    96
Block: Buckler           |    18 |       ||    18
       Tower shield      |    18 |   158 ||   176
